Cogmind - Beta 15 @@@ ROGUE MODE // 2025.09.24 @ 13:46:59 Player: LightKnight Result: Self-destructed Performance ------------- Evolutions (4) 2000 Regions Visited (9) 1800 Robots Destroyed (187) 935 Value Destroyed (6899) 6899 Prototype IDs (32) 640 Alien Tech Used (0) 0 Bonus (2333) 2333 TOTAL SCORE: 14607 Bonus ------- High Alert Combat Kills 1787 Follower Combat Kills 346 Entered Garrisons 200 Cogmind --------- Core Integrity 108/850 Matter 263/300 Energy 300/300 System Corruption 14% Temperature Cool (0) Movement Walking (190) Ox1 Location -6/Factory Parts ------- > --- POWER (2) -------- Cold Fusion Reactor Cold Fusion Reactor > --- PROPULSION (4) --- Carbon-fiber Leg Advanced Myomer Leg > --- UTILITY (6) ------ Large Storage Unit Advanced Sensor Array Improved Signal Interpreter Launcher Loader > --- WEAPON (3) ------- Improved Heavy Laser Improved Heavy Laser Improved Heavy Laser > --- INVENTORY (15) --- Light Ion Engine Advanced Heat Sink Improved Particle Charger Improved Heavy Laser 8R-AWN's Boregun 8R-AWN's Boregun Proton Missile Launcher Missile Launcher Heavy Missile Launcher Heavy Missile Launcher Precision Rocket Launcher Peak State ------------ > --- POWER ------------ F-cell Engine Reinforced Fission Core > --- PROPULSION ------- Carbon-fiber Leg Flexi-carbon Leg Advanced Myomer Leg Advanced Myomer Leg > --- UTILITY ---------- Experimental Heat Sink Large Storage Unit Enhanced Optical Array Improved Signal Interpreter Advanced Weapon Cycler Layered Medium Armor Plating > --- WEAPON ----------- Heavy Particle Gun Heavy Particle Gun Heavy Laser > --- INVENTORY -------- Carbon-fiber Leg Improved Sensor Array Advanced Terrain Scanner AS-neutralizer No. 17b Heavy Laser Heavy Laser Heavy Plasma Cannon 8R-AWN's Boregun 8R-AWN's Boregun Magnetic Acceleration Cannon Magnetic Acceleration Cannon Magnetic Acceleration Cannon Magnetic Acceleration Cannon Rocket Launcher Missile Launcher [Rating: 84] Favorites ----------- Power Heavy Ion Engine Engine Heavy Ion Engine Power Core Reinforced Fission Core Reactor Cold Fusion Reactor Propulsion Light Treads Treads Light Treads Leg Advanced Myomer Leg Wheel Compact Wheel Utility Large Storage Unit Device Experimental Heat Sink Storage Large Storage Unit Processor Improved Signal Interpreter Protection Layered Medium Armor Plating Weapon Light EM Pulse Cannon Energy Gun Advanced Beam Rifle Energy Cannon Light EM Pulse Cannon Ballistic Gun Improved Assault Rifle Ballistic Cannon Magnetic Acceleration Cannon Launcher Grenade Launcher Special Melee Weapon Datajack Build | -11 -10 -10 -10 -9 -8 -8 -8 -7 -6 ------- Run | Yrd Mat Min Exi Min Mat Sto Gar Fac Fac Slots Evolved 8 | . . . . . 4 . . 2 2 Power 1 | . . . . . . . . . 1 Propulsion 2 | . . . . . 1 . . 1 . Utility 4 | . . . . . 2 . . 1 1 Weapon 1 | . . . . . 1 . . . . Parts Attached 101 | . 11 4 4 1 13 8 3 14 43 Power 8 | . 2 . . . 1 1 . 1 3 Engine 4 | . 1 . . . 1 1 . . 1 Core 2 | . 1 . . . . . . 1 . Reactor 2 | . . . . . . . . . 2 Propulsion 24 | . 2 . 2 . 3 3 . 6 8 Treads 10 | . 2 . . . 3 3 . 1 1 Leg 12 | . . . 2 . . . . 5 5 Wheel 2 | . . . . . . . . . 2 Hover . | . . . . . . . . . . Flight . | . . . . . . . . . . Utility 22 | . 3 2 . . 4 . 2 2 9 Device 12 | . . 2 . . 2 . 1 . 7 Storage 2 | . 2 . . . . . . . . Processor 4 | . 1 . . . 1 . . 1 1 Hackware . | . . . . . . . . . . Protection 4 | . . . . . 1 . 1 1 1 Artifact . | . . . . . . . . . . Weapon 47 | . 4 2 2 1 5 4 1 5 23 Energy Gun 15 | . 2 . . . 1 2 . . 10 Energy Cannon 14 | . 2 1 1 . . 2 1 4 3 Ballistic Gun 6 | . . . . . 4 . . 1 1 Ballistic Cannon 3 | . . . . . . . . . 3 Launcher 8 | . . 1 . 1 . . . . 6 Special Weapon . | . . . . . . . . . . Impact Weapon . | . . . . . . . . . . Slashing Weapon . | . . . . . . . . . . Piercing Weapon . | . . . . . . . . . . Special Melee Weapon 1 | . . . 1 . . . . . . Unidentified Prototypes 14 | . . 1 . . 3 4 . . 6 Parts Lost 29 | . 1 . 1 . . . . 12 15 Power 1 | . . . . . . . . 1 . Propulsion 11 | . . . . . . . . 3 8 Utility 8 | . . . . . . . . 3 5 Weapon 9 | . 1 . 1 . . . . 5 2 Highest Loss Streak 6 | . 1 . 1 . . . . 6 4 To Critical Strikes . | . . . . . . . . . . Average Backups 13 | . 9 11 13 15 14 15 15 14 13 Power 1 | . 1 1 1 2 1 1 1 . . Propulsion 3 | . 4 4 4 5 4 4 4 2 1 Utility 2 | . . 1 2 3 2 3 3 3 2 Weapon 6 | . 2 4 4 5 6 7 7 7 9 Tool/Special . | . . . . . . . . . . Unused Backups 25 | . 4 . 5 1 2 . 1 6 6 Power 6 | . . . 3 . 1 . . 1 1 Propulsion 5 | . 3 . . . . . . 2 . Utility 10 | . 1 . 2 . 1 . 1 2 3 Weapon 4 | . . . . 1 . . . 1 2 Tool/Special . | . . . . . . . . . . Average Slot Usage (%) 97 | . 98 97 100 100 96 100 100 98 94 Engine 7 | . 7 14 14 14 9 9 9 5 3 Core 2 | . 6 . . . . . . 1 4 Reactor 1 | . . . . . . . . . 4 Treads 14 | . 11 28 24 . 26 27 27 2 1 Leg 11 | . 16 . 3 28 . . . 26 17 Device 14 | . . 2 14 14 16 18 22 11 20 Storage 9 | . 14 14 14 14 9 9 9 7 6 Processor 5 | . 13 9 . . . . . 6 7 Protection 3 | . . . . . 6 9 4 8 2 Energy Gun 6 | . 18 . . . 1 5 9 2 9 Energy Cannon 13 | . 9 27 19 16 2 11 17 19 6 Ballistic Gun 2 | . . . . . 22 10 . . . Peak Build Rating 84 | . 12 16 34 35 44 45 46 71 84 Average Rating 45 | . 9 10 14 34 41 43 43 66 74 On Entrance 28 | 6 6 10 11 34 35 42 42 46 49 Naked Turns . | . . . . . . . . . . Heaviest Build 92 | 11 33 34 36 37 46 48 51 80 92 Greatest Support 96 | 20 40 40 60 60 66 66 60 96 95 Greatest Overweight (x) 5 | . . . 1 . . . . . 5 Average Overweight (x) . | . . . . . . . . . 1 Largest Inventory Capacity 15 | . 15 15 15 15 15 15 15 15 15 Average Capacity 14 | . 10 15 15 15 15 15 15 15 15 Most Carried 15 | . 11 12 15 15 15 15 15 15 15 Average Carried 13 | . 9 11 13 14 14 14 14 14 13 Final Capacity 15 | 8 15 15 15 15 15 15 15 15 15 Final Carried 15 | 6 11 12 15 15 15 15 15 12 11 Class Distribution -------------------- 31% | Mutant 24% | Tank 19% | Skirmisher 8% | Commander-Tank 7% | Scavenger-Skirmisher 6% | Scavenger-Gunner Dominant Class ---------------- Mutant | -10/Materials Mutant | -10/Mines Mutant | -10/Exiles Mutant | -9/Mines Tank | -8/Materials Commander-Tank | -8/Storage Scavenger-Gunner | -8/Garrison Tank | -7/Factory Skirmisher | -6/Factory Resources | -11 -10 -10 -10 -9 -8 -8 -8 -7 -6 ----------- Run | Yrd Mat Min Exi Min Mat Sto Gar Fac Fac Matter Collected 2603 | 200 110 43 85 20 711 196 61 174 1003 Remotely . | . . . . . . . . . . Salvage Created 7590 | . 795 234 29 42 942 721 798 1333 2696 Parts 364 | . 48 25 . 1 64 31 37 38 120 Haulers Intercepted 9 | . 2 . . . 2 2 . . 3 Recyclers Shooed 6 | . 4 . . . . . . . 2 Parts Field Recycled . | . . . . . . . . . . Retrieved Matter . | . . . . . . . . . . Parts Self-Destructed . | . . . . . . . . . . Prevented . | . . . . . . . . . . Kills | -11 -10 -10 -10 -9 -8 -8 -8 -7 -6 ------- Run | Yrd Mat Min Exi Min Mat Sto Gar Fac Fac Combat Hostiles Destroyed 157 | . 17 11 4 1 22 14 19 26 43 Guns 65 | . 13 . . . 21 4 11 2 14 Cannons 59 | . 3 7 1 1 1 9 5 21 11 AOE 26 | . . 4 3 . . . 3 . 16 Classes Destroyed 19 | . 6 . 1 . 2 4 . 3 3 Worker 7 | . 1 1 . . . 1 . 1 3 Builder 8 | . . . . . . 1 . 1 6 Tunneler 3 | . . . . . . . . . 3 Hauler 9 | . 2 . . . 2 2 . . 3 Recycler 2 | . 1 . . . . . . . 1 Mechanic 1 | . . . . . . . . . 1 Operator 2 | . . . . . . . . . 2 Watcher 4 | . 2 . . . 1 . . . 1 Swarmer 37 | . 6 9 . . 10 4 4 . 4 Grunt 75 | . 11 2 . 1 8 4 12 12 25 Brawler 4 | . . . . . . 2 . . 2 Duelist 3 | . . . . . . 1 . . 2 Sentry 12 | . . . . . 3 3 2 1 3 Demolisher 1 | . . . . . . 1 . . . Specialist 2 | . . . . . . . . 2 . Hunter 7 | . . . . . 1 . 1 4 1 Programmer 9 | . . . . . . . . 3 6 Heavy 1 | . . . . . . . . 1 . Assembled 7 | . . . 4 . . . . 3 . Best Kill Streak 8 | . 5 7 4 1 8 5 4 6 8 Combat Bots Only 8 | . 4 6 4 1 8 4 4 5 6 Max Kills in Single Turn 4 | . 2 3 2 1 2 2 3 2 4 Gunslinging 1 | . 1 . . . 1 . . . . Exploded 3 | . . 2 2 . . . 3 . 2 Melee . | . . . . . . . . . . Uniques/NPCs Destroyed . | . . . . . . . . . . Combat | -11 -10 -10 -10 -9 -8 -8 -8 -7 -6 -------- Run | Yrd Mat Min Exi Min Mat Sto Gar Fac Fac Hostile Shots Fired 686 | . 60 20 10 7 76 29 41 185 258 Missed 221 | . 20 1 2 2 19 14 14 52 97 Hits 465 | . 40 19 8 5 57 15 27 133 161 Melee 22 | . . . 1 . . . . 12 9 Projectile 443 | . 40 19 7 5 57 15 27 121 152 AOE 3 | . . . . . . 1 . 2 . Critical Strikes 23 | . 1 . 2 . 1 . 1 10 8 Part Disruptions 1 | . . . . . . . . . 1 Damage Taken 7975 | . 416 187 261 67 735 246 413 2639 3011 Core 1493 | . 105 51 63 25 98 45 82 282 742 Absorbed by Shields . | . . . . . . . . . . Core Remaining (%) 55 | 100 . . . 2 . . 59 59 . Volleys Fired 419 | . 60 14 5 4 60 35 47 82 112 Largest 3 | . 2 2 2 2 3 3 3 3 3 Hottest 218 | . 112 112 112 112 177 189 189 218 215 Shots Fired 1037 | . 116 23 7 8 176 98 132 221 256 Gun 487 | . 96 . . . 170 43 45 25 108 Cannon 522 | . 20 22 5 8 5 55 86 196 125 Launcher 28 | . . 1 2 . 1 . 1 . 23 Special . | . . . . . . . . . . Kinetic 210 | . . . . . 168 18 . 5 19 Thermal 710 | . 67 . . . 2 80 131 216 214 Explosive 20 | . . 1 2 . 1 . 1 . 15 Electromagnetic 97 | . 49 22 5 8 5 . . . 8 Robot Hit Streak 16 | . 9 6 7 4 10 16 10 10 15 Robot Miss Streak 9 | . 9 2 2 2 4 3 2 5 6 Penetration Max 2 | . . . . . . . . 2 2 Secondary Targets 10 | . 3 . . . 3 . . . 4 Max Gunslinging Chain 1 | . 1 . . . 1 . . . 1 Shots Hit Robots 582 | . 73 13 8 5 94 58 64 120 147 Core Hits 305 | . 36 13 5 2 40 27 29 37 116 Critical Kills 5 | . . . . . . . . 2 3 Critical Parts Destroyed 3 | . . . . . 1 . . 2 . Critical Strikes 22 | . 1 1 . . 1 . 2 9 8 Burn 13 | . 1 . . . . . 2 5 5 Meltdown 1 | . . . . . . . . 1 . Destroy 7 | . . . . . 1 . . 3 3 Corrupt 1 | . . 1 . . . . . . . Melee Attacks 5 | . . . 5 . . . . . . Impact . | . . . . . . . . . . Slashing . | . . . . . . . . . . Piercing . | . . . . . . . . . . Sneak Attacks 5 | . . . 5 . . . . . . Combat Hostiles . | . . . . . . . . . . Follow-up Attacks . | . . . . . . . . . . Damage Inflicted 17634 | . 1289 484 223 143 1555 1314 1729 3540 7357 Guns 5151 | . 793 . . . 1442 433 520 450 1513 Cannons 8247 | . 366 313 40 143 75 861 996 3081 2372 Explosions 4089 | . 120 151 183 . 32 . 213 . 3390 Melee . | . . . . . . . . . . Ramming 147 | . 10 20 . . 6 20 . 9 82 Kinetic 1930 | . . . . . 1410 133 . 190 197 Thermal 10612 | . 706 74 . . 64 1161 1516 3341 3750 Explosive 3387 | . . 77 183 . . . 213 . 2914 Electromagnetic 1558 | . 573 313 40 143 75 . . . 414 Impact . | . . . . . . . . . . Slashing . | . . . . . . . . . . Piercing . | . . . . . . . . . . Highest Corruption 14 | . . . . . . . . 2 14 Average Corruption 4 | . . . . . . . . 1 4 Corruption Purged . | . . . . . . . . . . Corruption Blocked . | . . . . . . . . . . Effects 50 | . . . . . . . . 2 48 Message Errors 7 | . . . . . . . . 1 6 Matter Fused 12 | . . . . . . . . . 12 Heat Flow Errors 4 | . . . . . . . . . 4 Energy Discharges 9 | . . . . . . . . 1 8 Data Loss (minor) 5 | . . . . . . . . . 5 Data Loss (major) 3 | . . . . . . . . . 3 Misfires 5 | . . . . . . . . . 5 Alerts 2 | . . . . . . . . . 2 Weapon Failures 3 | . . . . . . . . . 3 Overload Shots . | . . . . . . . . . . Overflow Damage 348 | . . 18 . . . . 117 73 140 Projectiles 119 | . . . . . . . 10 73 36 Explosions 223 | . . 18 . . . . 107 . 98 Melee 6 | . . . . . . . . . 6 Knockbacks 2 | . . . . . . . . . 2 Impact . | . . . . . . . . . . Kinetic 2 | . . . . . . . . . 2 Secondary . | . . . . . . . . . . Self-Inflicted Damage 872 | . . 32 77 . . . 40 . 723 Shots 23 | . . 1 2 . . . 1 . 19 Rammed 21 | . 1 5 . . 2 5 . . 8 Targets Rammed 29 | . 3 5 . . 2 6 . 3 10 Kicked 7 | . 2 . . . . . . 3 2 Crushed 1 | . . . . . . 1 . . . Highest Temperature 710 | . 270 229 42 231 285 453 267 297 710 Average Temperature 108 | . 86 86 22 119 91 131 100 67 170 Received Heat Transfer 2206 | . 198 12 . 36 243 72 189 619 837 Effects 15 | . . . . . . 4 1 . 10 Energy Bleed 7 | . . . . . . 1 1 . 5 Interference 3 | . . . . . . 3 . . . Matter Decay 1 | . . . . . . . . . 1 Short Circuit 2 | . . . . . . . . . 2 Damage (minor) 2 | . . . . . . . . . 2 Siege Activations . | . . . . . . . . . . Martial Activations . | . . . . . . . . . . Shielding Activations . | . . . . . . . . . . Robots Disrupted . | . . . . . . . . . . Combat Hostiles . | . . . . . . . . . . Robots Corrupted 3 | . 1 . . . . . . . 2 Combat Hostiles 2 | . 1 . . . . . . . 1 Parts Fried 14 | . 3 2 . 1 1 . . . 7 Impact Corruptions 2 | . . . . . . . . . 2 Robots Melted 6 | . . . . . . 1 . 3 2 Combat Hostiles 5 | . . . . . . 1 . 3 1 Parts Melted 59 | . 6 . . . . 3 5 22 23 Heat Transferred 17918 | . 1869 50 . . 124 2035 2755 4995 6090 Parts Sabotaged . | . . . . . . . . . . Parts Stolen . | . . . . . . . . . . Parts Stripped . | . . . . . . . . . . Power Chain Reactions 5 | . 3 1 . . 1 . . . . Alert | -11 -10 -10 -10 -9 -8 -8 -8 -7 -6 ------- Run | Yrd Mat Min Exi Min Mat Sto Gar Fac Fac Maximum Alert Level 4 | . 1 1 . . 2 3 4 3 4 Low Security (%) 27 | . 71 89 . 100 73 36 . . . Level 1 20 | . 28 10 . . 23 17 . . 41 Level 2 16 | . . . . . 3 41 18 13 26 Level 3 26 | . . . . . . 3 29 86 28 Level 4 9 | . . . . . . . 52 . 2 Level 5 . | . . . . . . . . . . High Security . | . . . . . . . . . . Max Security . | . . . . . . . . . . Peak Influence 1416 | . 275 217 . 20 402 740 1416 923 1171 Initial 743 | . . 88 . . 5 165 477 743 435 Average 511 | . 125 126 . 1 134 367 1048 778 545 Influence Increases 5842 | . 615 292 . 35 649 900 1039 756 1556 Destroy 0b10 Robot/C 3280 | . 340 220 . 20 440 420 520 460 860 Destroy 0b10 Robot/NC 190 | . 30 5 . . 15 25 5 10 100 Destroy Leader 678 | . 98 40 . . 96 96 20 130 198 Allied During Kill 368 | . . . . . . 284 84 . . Successful Hack 108 | . 26 . . . 5 9 30 . 38 Select Force Hacks 60 | . 60 . . . . . . . . Disable Machine 360 | . 45 . . . 15 45 60 60 135 Anti-Garrison Action 300 | . . . . . . . 300 . . Destroy Structure 258 | . 16 12 . . 18 6 20 36 150 Lose Combat Pursuer 240 | . . 15 . 15 60 15 . 60 75 Influence Decreases 4683 | . 388 513 6 20 271 558 358 1283 1286 Entered New Map 1768 | . . 139 6 . 10 228 258 673 454 Time Decay 2475 | . 378 374 . 20 261 270 . 490 682 Lost Part 280 | . 10 . . . . . . 120 150 Lost Ally 160 | . . . . . . 60 100 . . Squads Dispatched 46 | . 7 . . . 4 5 . 11 19 Investigation 9 | . 5 . . . . . . 2 2 Extermination 7 | . . . . . . . . 2 5 Reinforcement 19 | . 2 . . . 4 1 . 3 9 Assault 7 | . . . . . . . . 4 3 Garrison 4 | . . . . . . 4 . . . Intercept . | . . . . . . . . . . Searches Triggered . | . . . . . . . . . . Construction Impeded 4 | . . . . . 1 . . . 3 Haulers Reinforced 3 | . . . . . . . . . 3 Active Scanning Responses . | . . . . . . . . . . Cargo Convoy Interrupts 1 | . . . . . . . . 1 . Stealth | -11 -10 -10 -10 -9 -8 -8 -8 -7 -6 --------- Run | Yrd Mat Min Exi Min Mat Sto Gar Fac Fac Distress Signals 15 | . 1 1 . . 3 4 . 1 5 Communications Jammed . | . . . . . . . . . . Distress Signals . | . . . . . . . . . . Times Spotted 230 | . 21 9 12 2 27 29 19 48 63 Peak Tracking Total 9 | . 4 3 9 2 6 5 4 7 6 Tactical Retreats 16 | . . 1 3 1 4 1 . 3 3 Traps | -11 -10 -10 -10 -9 -8 -8 -8 -7 -6 ------- Run | Yrd Mat Min Exi Min Mat Sto Gar Fac Fac Traps Triggered 6 | . 3 . . . . . . 2 1 Indirectly . | . . . . . . . . . . Trap Hack Attempts . | . . . . . . . . . . Triggered . | . . . . . . . . . . Disarmed . | . . . . . . . . . . Reprogrammed . | . . . . . . . . . . Reused . | . . . . . . . . . . Traps Extracted . | . . . . . . . . . . Installed . | . . . . . . . . . . Triggered . | . . . . . . . . . . Machines | -11 -10 -10 -10 -9 -8 -8 -8 -7 -6 ---------- Run | Yrd Mat Min Exi Min Mat Sto Gar Fac Fac Machines Disabled 30 | . 3 . 4 . 1 3 6 4 9 Max in Single Turn 2 | . 1 . 2 . 1 1 1 1 2 Garrison Relay 2 | . . . . . . . 2 . . Machines Repaired . | . . . . . . . . . . Machines Dismantled . | . . . . . . . . . . Machines Sabotaged . | . . . . . . . . . . Overloaded Fab Kills . | . . . . . . . . . . Hacking | -11 -10 -10 -10 -9 -8 -8 -8 -7 -6 --------- Run | Yrd Mat Min Exi Min Mat Sto Gar Fac Fac Machines Accessed 29 | . 7 1 1 . 3 4 4 3 6 Terminals 23 | . 5 . . . 3 3 4 2 6 Fabricators 1 | . . . . . . . . 1 . Repair Stations . | . . . . . . . . . . Recycling Units 2 | . 2 . . . . . . . . Scanalyzers . | . . . . . . . . . . Garrison Access 1 | . . . . . . 1 . . . Total Hacks 58 | . 17 1 1 . 5 8 10 5 11 Successful 24 | . 8 1 1 . 2 5 3 . 4 Failed 34 | . 9 . . . 3 3 7 5 7 Catastrophic 9 | . 2 . . . 1 . 1 2 3 Database Lockouts . | . . . . . . . . . . Manual 31 | . 14 . . . 3 5 . 2 7 Terminals 50 | . 14 . . . 5 7 10 3 11 Fabricators 2 | . . . . . . . . 2 . Repair Stations . | . . . . . . . . . . Recycling Units 3 | . 3 . . . . . . . . Scanalyzers . | . . . . . . . . . . Garrison Access 1 | . . . . . . 1 . . . Terminal Hacks 12 | . 3 1 1 . 1 2 3 . 1 Record 1 | . . . 1 . . . . . . Robot Analysis 1 | . 1 . . . . . . . . Prototype ID Bank 2 | . 1 . . . . 1 . . . Open Door 2 | . . 1 . . . 1 . . . Locate Traps 3 | . 1 . . . 1 . . . 1 Garrison Registry 1 | . . . . . . . 1 . . Patrol Navigation 1 | . . . . . . . 1 . . Security Stations 1 | . . . . . . . 1 . . Fabricator Hacks . | . . . . . . . . . . Repair Station Hacks . | . . . . . . . . . . Recycling Unit Hacks . | . . . . . . . . . . Scanalyzer . | . . . . . . . . . . Garrison Access Hacks 1 | . . . . . . 1 . . . Unlock Access 1 | . . . . . . 1 . . . Unauthorized Hacks 11 | . 5 . . . 1 2 . . 3 Terminals 9 | . 3 . . . 1 2 . . 3 Botnet 9 | . 3 . . . 1 2 . . 3 Fabricators . | . . . . . . . . . . Repair Stations . | . . . . . . . . . . Recycling Units 2 | . 2 . . . . . . . . Tunnel 2 | . 2 . . . . . . . . Scanalyzers . | . . . . . . . . . . Garrison Access . | . . . . . . . . . . Data Cores Recovered . | . . . . . . . . . . Used . | . . . . . . . . . . Hacking Detections 23 | . 5 . . . 3 3 3 3 6 Full Trace Events 4 | . . . . . . . 2 1 1 Feedback Events . | . . . . . . . . . . Feedback Blocked . | . . . . . . . . . . Robot Schematics Acquired . | . . . . . . . . . . Robots Built . | . . . . . . . . . . Authchips . | . . . . . . . . . . Time . | . . . . . . . . . . Total Robot Build Rating . | . . . . . . . . . . Part Schematics Acquired . | . . . . . . . . . . Parts Built . | . . . . . . . . . . Authchips . | . . . . . . . . . . Time . | . . . . . . . . . . Total Part Build Rating . | . . . . . . . . . . Parts Repaired . | . . . . . . . . . . Time . | . . . . . . . . . . Parts Recycled . | . . . . . . . . . . Recycled Matter . | . . . . . . . . . . Retrieved Matter . | . . . . . . . . . . Retrieved Components . | . . . . . . . . . . Parts Scanalyzed . | . . . . . . . . . . Part Schematics Acquired . | . . . . . . . . . . Parts Damaged . | . . . . . . . . . . Bothacking | -11 -10 -10 -10 -9 -8 -8 -8 -7 -6 ------------ Run | Yrd Mat Min Exi Min Mat Sto Gar Fac Fac Used RIF Installer . | . . . . . . . . . . Robots Hacked 5 | . . . 5 . . . . . . Non-combat 3 | . . . 3 . . . . . . Combat 2 | . . . 2 . . . . . . Robot Hacks Applied 5 | . . . 5 . . . . . . parse_system 5 | . . . 5 . . . . . . Relay Couplers Released 10 | . . . . . . . 10 . . Machine Destruction 10 | . . . . . . . 10 . . Fabnet Peak Effective % . | . . . . . . . . . . Robots Rewired . | . . . . . . . . . . Allies Hacked . | . . . . . . . . . . Hacks Repelled . | . . . . . . . . . . Allies | -11 -10 -10 -10 -9 -8 -8 -8 -7 -6 -------- Run | Yrd Mat Min Exi Min Mat Sto Gar Fac Fac Total Allies 10 | . . . . . . 10 . . . Largest Group 10 | . . . . . . 10 5 . . Highest-Rated Group 173 | . . . . . . 173 93 . . Highest-Rated Ally 29 | . . . . . . 29 29 . . Initial Warlord ECA Mod 9 | . . . . . . . . 5 4 Total Orders 2 | . . . 1 1 . . . . . RETURN 2 | . . . 1 1 . . . . . Ally Attacks 192 | . . . 71 11 . 62 48 . . Total Damage 1773 | . . . 404 52 . 772 545 . . Kills 18 | . . . 2 . . 9 7 . . Allies Corrupted 1 | . . . . . . . 1 . . Allies Melted . | . . . . . . . . . . Intel | -11 -10 -10 -10 -9 -8 -8 -8 -7 -6 ------- Run | Yrd Mat Min Exi Min Mat Sto Gar Fac Fac Active Infowar (turns) 3909 | . . . . . . . . 1284 2625 Optics 2017 | . . . . . . . . 1284 733 Sensors 2579 | . . . . . . . . . 2579 Terrain 839 | . . . . . . . . . 839 Robot Analysis Total 1 | . 1 . . . . . . . . Derelict Logs Recovered 1 | . . 1 . . . . . . . Drone Launches 15 | . . . 13 2 . . . . . Drone Recoveries 14 | . . . 12 2 . . . . . Exploration | -11 -10 -10 -10 -9 -8 -8 -8 -7 -6 ------------- Run | Yrd Mat Min Exi Min Mat Sto Gar Fac Fac Turns Passed 9654 | . 1136 873 834 185 637 593 1410 1285 2701 Spaces Moved 5541 | 1 675 509 451 132 290 285 800 772 1626 Core . | . . . . . . . . . . Treads 2580 | . 264 509 380 . 290 285 800 52 . Legs 2466 | 1 411 . 71 132 . . . 720 1131 Wheels 495 | . . . . . . . . . 495 Hover . | . . . . . . . . . . Flight . | . . . . . . . . . . Fastest Speed 120 | 120 120 160 120 120 160 160 160 120 120 Average Speed 144 | 120 135 160 154 120 160 160 160 122 138 Slowest Speed 260 | 120 160 160 190 120 160 160 160 160 260 Overloaded Moves . | . . . . . . . . . . Propulsion Burnouts . | . . . . . . . . . . Robots Hopped . | . . . . . . . . . . Potential Cave-ins . | . . . . . . . . . . Cave-ins Triggered . | . . . . . . . . . . Exploration Rate (%) 52 | 2 96 92 65 32 35 49 73 33 45 Regions Visited 9 Branch Regions 4 Pre-discovered Areas 3 | . 2 . 1 . . . . . . Known Exits Taken 2 | . . . . . 1 1 . . . Unknown Exits Taken 6 | 1 1 1 1 1 . . . 1 . Scrap Searched 1 | . . 1 . . . . . . . Spaces Dug 12 | . . . . . . . . 9 3 Terrain Destroyed 279 | . 14 12 13 . 17 1 . 40 182 Melee . | . . . . . . . . . . Projectile 71 | . . . . . . 1 . 40 30 AOE 208 | . 14 12 13 . 17 . . . 152 Terrain Rammed . | . . . . . . . . . . Walls Destroyed . | . . . . . . . . . . Machines Disabled . | . . . . . . . . . . Actions | -11 -10 -10 -10 -9 -8 -8 -8 -7 -6 --------- Run | Yrd Mat Min Exi Min Mat Sto Gar Fac Fac Total 6553 | . 786 541 583 151 389 370 867 947 1919 Wait 245 | . 10 8 97 11 5 26 11 41 36 Move 5532 | . 674 508 450 131 289 285 798 771 1626 Hop . | . . . . . . . . . . Pick Up 70 | . 12 . 8 1 4 . 1 17 27 Fast Attach 49 | . 6 2 1 . 7 5 3 4 21 Attach 38 | . 2 . 3 . 3 . . 11 19 Detach 24 | . 2 2 2 . 3 1 1 1 12 Swap 53 | . 3 2 3 2 9 6 2 2 24 Drop 89 | . 14 . 9 2 7 6 4 15 32 Fire 419 | . 60 14 5 4 60 35 47 82 112 Melee 5 | . . . 5 . . . . . . Ram 8 | . . . . . . . . . 8 Kick 7 | . 2 . . . . . . 3 2 Crush 14 | . 1 5 . . 2 6 . . . Escape Stasis . | . . . . . . . . . . Rewire . | . . . . . . . . . . Trap . | . . . . . . . . . . Miscellaneous . | . . . . . . . . . . Route ------- -11/Scrapyard -10/Materials (discovered 5 exits: [*Mat x3] / *Min x2) -10/Mines (discovered 3 exits: [*Mat x2] / *Exi) -10/Exiles -9/Mines -8/Materials -8/Storage -8/Garrison (discovered 3 exits: *Fac x3) -7/Factory (discovered 2 exits: *Fac x2) -6/Factory (discovered 1 exit: *Fac) History --------- Turn | Location | Event 1 | -11/Scrapyard | Discovered new exit (range 0) 1 | -11/Scrapyard | Entered Materials 176 | -10/Materials | Discovered new exit (range 10) 308 | -10/Materials | Build established: Mutant 332 | -10/Materials | Discovered new exit (range 4) 400 | -10/Materials | Discovered new exit (range 12) 721 | -10/Materials | Discovered new exit (range 16) 887 | -10/Materials | Discovered new exit (range 16) 1137 | -10/Materials | Entered Mines 1159 | -10/Mines | Met a Derelict bent on vengeance 1168 | -10/Mines | Discovered new exit (range 14) 1239 | -10/Mines | Learned Materials stockpile data 1331 | -10/Mines | Core integrity fell below 50% 1622 | -10/Mines | Deemed a non-threat by the Exiles lab entrance 1622 | -10/Mines | Discovered new exit (range 5) 1729 | -10/Mines | Found the Drone Emporium 1736 | -10/Mines | Found Prototype Device 1736 | -10/Mines | Identified Thief Drone Bay 1847 | -10/Mines | Discovered new exit (range 12) 2010 | -10/Mines | Entered Exiles 2050 | -10/Exiles | Met 8R-AWN 2077 | -10/Exiles | Met EX-HEX 2128 | -10/Exiles | Met EX-BIN 2230 | -10/Exiles | Met EX-DEC 2273 | -10/Exiles | Learned location of Zion (-7) 2575 | -10/Exiles | Attacked by the Exiles 2622 | -10/Exiles | Core integrity fell below 20% 2833 | -10/Exiles | Discovered new exit (range 10) 2844 | -10/Exiles | Entered Mines 2851 | -9/Mines | Received a Rocket Launcher from a helpful Derelict 3003 | -9/Mines | Discovered new exit (range 5) 3029 | -9/Mines | Entered Materials 3029 | -8/Materials | Evolved 4 slots: Propulsion x1, Utility x2, Weapon x1 3459 | -8/Materials | Build established: Tank 3552 | -8/Materials | Discovered new exit (range 10) 3576 | -8/Materials | Destroyed 8 combat bots 3647 | -8/Materials | Identified exit to Storage 3666 | -8/Materials | Entered Storage 3867 | -8/Storage | Assisted by bots powering up and referring to "LRC-V3" 3879 | -8/Storage | Garrison activated, responded to threat 4172 | -8/Storage | Build established: Commander-Tank 4219 | -8/Storage | Garrison activated, responded to threat 4259 | -8/Storage | Identified exit to Garrison 4259 | -8/Storage | Entered Garrison 4259 | -8/Garrison | Accompanied by 5 allies 4333 | -8/Garrison | Triggered checkpoint 4373 | -8/Garrison | Garrison Relay disabled 4470 | -8/Garrison | Triggered checkpoint 4509 | -8/Garrison | Triggered checkpoint 4547 | -8/Garrison | Discovered new exit (range 10) 4616 | -8/Garrison | Learned Factory security intel 4678 | -8/Garrison | Garrison Relay disabled 4780 | -8/Garrison | Lost 4 allies 4795 | -8/Garrison | Triggered checkpoint 4911 | -8/Garrison | Discovered new exit (range 10) 4929 | -8/Garrison | Triggered checkpoint 5068 | -8/Garrison | Build established: Scavenger-Gunner 5125 | -8/Garrison | Triggered checkpoint 5149 | -8/Garrison | Discovered new exit (range 80) 5149 | -8/Garrison | Discovered new exit (range 68) 5149 | -8/Garrison | Discovered new exit (range 18) 5517 | -8/Garrison | Attempted to access garrison exit controls, blocked by remote lockdown 5669 | -8/Garrison | Entered Factory 5669 | -7/Factory | Evolved 2 slots: Propulsion x1, Utility x1 5710 | -7/Factory | Build established: Tank 6017 | -7/Factory | Assembled infested ambush trap array 6276 | -7/Factory | Discovered new exit (range 8) 6469 | -7/Factory | First assault squad dispatched 6504 | -7/Factory | Lost 3 parts (1n1u1w) 6713 | -7/Factory | Cargo convoy interrupted 6900 | -7/Factory | Discovered new exit (range 4) 6927 | -7/Factory | Found 8R-AWN's Boregun 6954 | -7/Factory | Entered another Factory area 6954 | -6/Factory | Evolved 2 slots: Power x1, Utility x1 6958 | -6/Factory | Found 8R-AWN's Boregun 6984 | -6/Factory | Lost 6 parts (1n2u3w) 7249 | -6/Factory | Build established: Skirmisher 7692 | -6/Factory | Lost 3 parts (3n) 8704 | -6/Factory | First assault squad dispatched 9052 | -6/Factory | Build established: Scavenger-Skirmisher 9186 | -6/Factory | Found Launcher Loader 9310 | -6/Factory | Core integrity fell below 50% 9406 | -6/Factory | Discovered new exit (range 16) 9425 | -6/Factory | Identified exit to Factory 9498 | -6/Factory | Lost 4 parts (2n1u1w) 9566 | -6/Factory | System corruption reached 10% 9568 | -6/Factory | Core integrity fell below 20% 9655 | -6/Factory | Self-destructed Last Messages --------------- 09607_ R-10 Processor collects Corrupted Flexi-carbon Leg. 09611_ System corrupted: Imp. Heavy Laser failed to cycle. 09614_ Y-54 Guardian suffers critical hit (Burn). 09617_ Lgt. Treads melted. 09617_ Imp. Heat Sink melted. 09617_ Y-54 Guardian destroyed. 09620_ Overheating: Energy bleed (-56). 09620_ System corrupted: FCS attempts to trigger Imp. Heavy Laser. 09620_ System corrupted: Imp. Heavy Laser misfires. 09621_ Overheating: Energy bleed (-33). 09622_ Kicked U-05 Engineer. 09622_ ALERT: Construction progress impeded, dispatching reinforcements to local area. 09639_ System corrupted: FCS attempts to trigger Imp. Heavy Laser. 09639_ System corrupted: Imp. Heavy Laser misfires. 09639_ U-05 Engineer destroyed. 09651_ R-10 Processor collects Lgt. Ion Engine. 09654_ Penetrated by Slug. 09654_ Adv. Heat Sink destroyed. 09654_ Penetrated by Slug. Map ----- +----------------------------------------------------+ | ??????????????????????????????# ! # + | | ???????????????????????##############+###### # | | ?????????????????????? ### | | ?????????????????????? = | | ?????????????????????? ^ % % | | ?????????????????????? | | ?????????????????????? ## # | | ?????????????????????? ## # | | ?????????????????????? # ## # | | ???????????????????????######## ## # # # | | ?????????????????????##?######## # # # | | ?????????????????????# ? # ## ##### < | | ?????????????????????# ##?# ###???#= | | ?????????????????????# """""" ???# #?????# | | ?????????????????????# ?""""" #### #########+# | | ?????????????????????# ?""""" / ## | | ?????????????????????# """""" = #### ## % | | ?????????????????????# ???# ## | | ?????????????????????# """""" ???##[ | | ?????????????????????# """""" !??## * = | | ?????????????????????#! """"""%???# =%% # ####### | | ?????????????????????# """""" ???# [ | | ??????????????? ???? k ?? ?# # #! "" | | ?????????????? """ ""####+############ # "Y" ""? | | ?????????????? """ " " ""? | | ?????????????? """ @ """ | | ?????????? # """ | | ???????????""" """ / !! """ | | ???????????????""" u #k !! """ | | ???????????????""" |! ==# * """ | | ?????????????h? R! !%+?%! | | ?????????????? ####+############## ]= ! | | ????????????? ??? ?????????????? | | ????????????#h ??? ???????????????### ##### | | ????????????? ??? ?????????#####????##???? | | ????????????? ??? ""?????????# #?????????? | | ?????????????? ??? "??????????# #?????????? | | ???????????????? ??k# ???????????#!!!#?????????? | | ?????????????????????# ????????????#!!!#???####### | | ???????????????????????????????????#!! #???# ! | | ???????????????????????????????????# #???# | | ???????????????????????????????????# #???# """" | | ???????????????????????????????????##+##???# """" | | ???????????????????????????????????# ##### """" | | ???????????????????????????????????# " + """" | | ???????????????????????????????????# ##### | | ???????????????????????????????????## ##???# """" | | ????????????????????????????????????# #????# """" | | ????????????????????????????????????# #????# """" | | ???????????????????????????????????? #????# """" | +----------------------------------------------------+ Best States ------------- Heat Dissipation 79 Energy Generation 33 Energy Capacity 710 Matter Stores 300 Matter Capacity 300 Sight Range 22 Robot Scan Range 16 Terrain Scan Range 20 Terrain Scan Density 10 Armor Coverage 450 Resistance: EM 15 Weapon Cycling 25 Evasion (%) 55 Targeting Accuracy 5 Recoil Reduction 4 Item Schematics ----------------- None Robot Schematics ------------------ None Fabricated ------------ Nothing Repaired ---------- Nothing Alien Tech Used ----------------- None Achievements -------------- None Challenges ------------ None Game ------ Seed MetaGyrokineticCanceller Manual? 0 Play Time 01:15:24 Cumulative 446.1 hours Start 2025.09.24 @ 12:30:21 End 2025.09.24 @ 13:46:59 Sessions 1 Manual Loads 0 Difficulty Rogue Special Mode None Game No. 286 Rogue 286 Adventurer 0 Explorer 0 Win Type - Total 30 Types 24/0/4/2/0/0/0/0/0/0 Lore% 91 Gallery% 83 Achievement% 71 Wizard Run 0 Options --------- Layout 0 ASCII 1 Keyboard 1 Movement Arrows Keybinds 0 Fullscreen 2 Font 18/Terminus Map View 76x50 Zoom Use 0% Tactical HUD 1 Map Filters NONE Filters NONE Steam 1 RUN: 12c1b934-47b1-4b1d-863f-644749ad5cb9